 Dungeon Crawl Stone Soup version 0.30-a0-1016-gfb0d676c02 (webtiles) character file.

Game seed: 222151685757702418

49 cheesebisquit the Vexing (level 3, -5/27 HPs)
             Began as a Merfolk Hexslinger on Apr 6, 2023.
             Slain by a goblin
             ... wielding a +0 club
             ... led by Robin
              (6 damage)
             ... on level 2 of the Dungeon.
             The game lasted 00:08:59 (1876 turns).

cheesebisquit the Vexing (Merfolk Hexslinger)       Turns: 1876, Time: 00:08:59

Health: -5/27      AC:  3    Str:  7 (10) XL:     3   Next: 75%
Magic:  2/5        EV: 12    Int: 11 (14) God:
Gold:   82         SH:  0    Dex: 11 (14) Spells: 4/5 levels left

rFire   . . .      SeeInvis .    i - +0 dagger (flame)
rCold   . . .      Faith    .    (no shield)
rNeg    . . .      Spirit   .    c - +0 robe
rPois   .          Reflect  .    m - +0 helmet
rElec   .          Rampage  .    (no cloak)
rCorr   .                        (no gloves)
Will    .....                    (no boots)
Stlth   +                        (no amulet)
HPRegen 0.24/turn                (no ring)
MPRegen 0.09/turn                (no ring)

@: about to teleport, attractive
A: (nimble swimmer 2), mertail, wild magic 1
a: no special abilities


You were on level 2 of the Dungeon.
You visited 1 branch of the dungeon, and saw 2 of its levels.

You collected 82 gold pieces.

Inventory:

Hand Weapons
 a - a +1 sling
 i - a +0 dagger of flaming (weapon)
 n - a +0 rapier
Armour
 c - a +0 robe (worn)
 m - a +0 helmet (worn)
Scrolls
 b - a scroll of poison
 d - a scroll of teleportation
 e - a scroll of vulnerability {unknown}
 f - a scroll of blinking {unknown}
 k - a scroll of immolation {unknown}
 l - a scroll of enchant weapon {unknown}


   Skills:
 + Level 1.9 Fighting
 + Level 1.1 Short Blades
 - Level 1.5 Ranged Weapons
 + Level 3.0 Dodging
 + Level 1.1 Stealth
 + Level 1.7 Spellcasting
 + Level 3.3 Hexes


You had 4 spell levels left.
You knew the following spells:

 Your Spells              Type           Power      Damage    Failure   Level
a - Slow                  Hex            40%        N/A       12%         1

Your spell library contained the following spells:

 Spells                   Type           Power      Damage    Failure   Level
 Inner Flame              Hex/Fire       6%         N/A       50%         3
 Portal Projectile        Hex/Tloc       12%        N/A       50%         3
 Cause Fear               Hex            5%         N/A       67%         4


Dungeon Overview and Level Annotations

Branches:
Dungeon (2/15)

Altars:

Shops:
D:2 ([

Annotations:
D:2 Natasha, Robin


Innate Abilities, Weirdness & Mutations

((You are very nimble when in or above water. (Stealth+, EV+, Speed+++)))
Your lower body shifts to a powerful aquatic tail in water.
Your spells are a little harder to cast, but a little more powerful.


Message History

Robin barely misses you. The hobgoblin closely misses you.
You closely miss the hobgoblin.
The hobgoblin is almost dead.
Robin misses you.
A goblin comes into view. It is wielding a +0 club.
The hobgoblin closely misses you. The goblin is attracted toward you.
You closely miss the hobgoblin.
The hobgoblin is almost dead.
Robin roars a battlecry!
The goblins go into a battle-frenzy!
The hobgoblin closely misses you.
The goblin shouts!
You hit the hobgoblin but do no damage.
The hobgoblin is almost dead.
Robin says, "My army is invincible!"
The hobgoblin misses you.
You hit the hobgoblin. You burn the hobgoblin.
You kill the hobgoblin!
Robin hits you but does no damage. Robin attacks as you move away!
Robin hits you with a +0 short sword.
* * * LOW HITPOINT WARNING * * *
Robin throws the goblin at you! The goblin hits you with a +0 club.
* * * LOW HITPOINT WARNING * * *
Robin is attracted toward you. The goblin is attracted toward you.
Things that are here:
a +0 sling; a hobgoblin corpse
As you read the scroll labelled HOIQIP QIYPO, it crumbles to dust.
You feel strangely unstable.
It was a scroll of teleportation.
The hobgoblin no longer looks unusually strong.
Robin closely misses you. The goblin barely misses you.
Robin attacks as you move away! Robin hits you but does no damage.
Robin says, "Duck!"
Robin roars a battlecry!
The hobgoblin goes into a battle-frenzy!
The goblin closely misses you. Robin is attracted toward you.
The goblin is attracted toward you. The hobgoblin is attracted toward you.
Robin attacks as you move away! Robin hits you with a +0 short sword.
* * * LOW HITPOINT WARNING * * *
Robin throws the goblin at you! The goblin hits you with a +0 club.
You die...

.....PPP........>#
####.P∩P.#######.#
#.P...#######.#
#......§ggg)gg#
#..##########g# #.##
#§# #.# ######g#
####.######....g.###
..†......#.8.<.∩@8.#
.........#....).g..#
.........##.......##
.........####.....#####
########.# #.........#
#g# ####'####..#
..#####.##### #.# ..#
............# #.# )..
..#####.###.# #.# ###


You could see Robin, a hobgoblin (strong) and 2 goblins.

Vanquished Creatures
  An adder (D:1)
  5 endoplasms
  A giant cockroach (D:1)
  5 goblins
  5 hobgoblins
  5 kobolds (D:1)
  5 ball pythons (D:1)
  4 bats
  2 frilled lizards (D:1)
  A rat (D:1)
34 creatures vanquished.

Vanquished Creatures (others)
  6 plants (D:2)
6 creatures vanquished.

Grand Total: 40 creatures vanquished

Notes
Turn   | Place    | Note
-------+----------+-------------------------------------------
     0 | D:1      | cheesebisquit the Merfolk Hexslinger began the quest for
                  | the Orb.
     0 | D:1      | Reached XP level 1. HP: 15/15 MP: 2/2
   166 | D:1      | Reached XP level 2. HP: 19/21 MP: 0/3
   876 | D:1      | Reached XP level 3. HP: 26/27 MP: 1/5
  1324 | D:2      | Noticed Natasha
  1433 | D:1      | Reached skill level 1 in Short Blades
  1433 | D:1      | Reached skill level 1 in Stealth
  1671 | D:2      | Found Ezxueph's Antique Armour Shop.
  1755 | D:2      | Found Juanu's Antique Weapon Shop.
  1795 | D:2      | Noticed Robin
  1861 | D:2      | Gained mutation: Your spells are a little harder to cast,
                  | but a little more powerful. [potion of mutation]
  1873 | D:2      | HP: 1/27 [goblin/+0 club[Robin] (3)]
  1876 | D:2      | Slain by a goblin

Illustrated notes

Levels and vault maps discovered:
D:1:      saegor_arrival_simple_a, layout_basic
D:2:      minmay_general_purpose_star, layout_basic, serial_shops, shop,
          shop_statue, shop, nicolae_shop_overgrown_old_shop,
          minmay_pentomino_pile, uniq_robin, uniq_crazy_yiuf_cottage,
          uniq_natasha

Skill      XL: |  1  2  3 |
---------------+----------+-----
Short Blades   | 1 |  1.1
Stealth        | 1 |  1.1
Dodging        | 3 |  3.0
Fighting       | |  1.9
Ranged Weapons | |  1.5
Spellcasting   | |  1.7
Hexes          | |  3.3

Action                     || total
---------------------------++-------
  Melee: Dagger            ||   128
   Fire: Sling             ||    34
   Cast: Slow              ||    57
    Use: Potion            ||     3
         Scroll            ||     1
   Stab: Sleeping          ||     1
 Armour: Robe              ||    16
  Dodge: Dodged            ||   101

Table legend: (Time is in decaauts)
 A = Elapsed time spent in this place.
 B = Non-inter-level travel time spent in this place.
 C = Inter-level travel time spent in this place.
 D = Time resting spent in this place.
 E = Time spent auto-exploring this place.
 F = Levels seen in this place.
 G = Mean time per level.
                   A        B        C        D        E       F      G
               +--------+--------+--------+--------+--------+-----+--------+
         Total |   1886 |   1784 |    102 |    217 |   1109 |   2 |  943.0 |
       Dungeon |   1886 |   1784 |    102 |    217 |   1109 |   2 |  943.0 |
               +--------+--------+--------+--------+--------+-----+--------+

Top non-repeatable levels by time:
     D:1: 1634 daAuts
     D:2: 252 daAuts
